 Dungeon Crawl Stone Soup version 0.29.1-4-g47bece8355 (webtiles) character file.

Game seed: 4582225026079489611

10003 Anriel the Carver (level 11, -7/86 HPs)
             Began as a Human Fighter on Dec 5, 2022.
             Was an Initiate of Gozag.
             Mangled by a two-headed ogre
             ... wielding a +0 giant club
              (12 damage)
             ... on level 10 of the Dungeon.
             The game lasted 01:13:52 (13572 turns).

Anriel the Carver (Human Fighter)                  Turns: 13572, Time: 01:13:53

Health: -7/86      AC: 21    Str: 25    XL:     11   Next: 84%
Magic:  11/11      EV: 23    Int: 12    God:    Gozag
Gold:   398        SH:  5    Dex: 12    Spells: 10/10 levels left

rFire   + + +      SeeInvis .   i - +7 sling "Iqehaipt" {flame, Str+4 Int+3}
rCold   . . .      Faith    .   c - +0 buckler
rNeg    . . .      Spirit   .   t - +2 plate armour {rF+}
rPois   .          Reflect  .   g - +2 helmet
rElec   +          Harm     .   (no cloak)
rCorr   +          Rampage  .   z - +0 pair of gloves of the Stonemason {rElec rF++ rCorr Stlth+}
Will    ++...                   (no boots)
Stlth   ..........              y - amulet of the acrobat
HPRegen 0.24/turn               h - ring of willpower
MPRegen 0.12/turn               k - ring of willpower

@: about to teleport, acrobatic
A: no striking features
a: Renounce Religion, Potion Petition, Call Merchant, Bribe Branch


You were on level 10 of the Dungeon.
You worshipped Gozag.
Gozag was aware of your devotion.
You visited 2 branches of the dungeon, and saw 11 of its levels.
You also visited: Sewer and Ossuary.

You collected 2366 gold pieces.
You spent 1181 gold pieces at shops.
You paid 787 gold pieces to Gozag.

Inventory:

Hand Weapons
 i - the +7 sling "Iqehaipt" (weapon) {flame, Str+4 Int+3}
   (You found it on level 6 of the Dungeon)

   Any ammunition fired from it burns those it strikes, dealing additional fire
   damage.
   Str:       It affects your strength (+4).
   Int:       It affects your intelligence (+3).
 j - the +5 dagger "Igacof Ynik" {vorpal, Drain rPois Will+ Int+3}
   (You found it on level 2 of the Dungeon)

   It inflicts extra damage upon your enemies.
   Int:       It affects your intelligence (+3).
   rPois:     It protects you from poison.
   Drain:     It drains your maximum health when unequipped.
   Will:      It increases your willpower.
 A - the +5 spear of Iricyf {vorpal, *Noise Will+ Int+5}
   (You found it on level 8 of the Dungeon)

   It inflicts extra damage upon your enemies.
   Int:       It affects your intelligence (+5).
   *Noise:    It may make noises in combat.
   Will:      It increases your willpower.
 B - a +5 scimitar
Armour
 b - +0 steam dragon scales
 c - a +0 buckler (worn)
 g - a +2 helmet (worn)
 m - a +2 pair of gloves
 t - a +2 plate armour of fire resistance (worn)
 z - the +0 pair of gloves of the Stonemason (worn) {rElec rF++ rCorr Stlth+}
   (You bought it in a shop on level 6 of the Dungeon)

   rF:        It greatly protects you from fire.
   rElec:     It insulates you from electricity.
   rCorr:     It protects you from acid and corrosion.
   Stlth:     It makes you more stealthy.
Jewellery
 h - a ring of willpower (left hand)
 k - a ring of willpower (right hand)
 s - a ring of resist corrosion
 y - an amulet of the acrobat (around neck)
Wands
 f - a wand of flame (22)
 n - a wand of digging (5)
Scrolls
 e - a scroll of teleportation
 o - 2 scrolls of poison
 u - 2 scrolls of immolation
 x - 2 scrolls of magic mapping
Potions
 a - 2 potions of curing
 d - 2 potions of flight
 l - a potion of berserk rage {unknown}
 p - a potion of brilliance
 q - 3 potions of mutation {unknown}
 r - a potion of magic {unknown}
 v - a potion of cancellation {unknown}
 D - a potion of resistance {unknown}
Miscellaneous
 C - a piece from Xom's chessboard (15/15)


   Skills:
 + Level 8.0 Fighting
 + Level 10.5 Long Blades
 + Level 6.3 Ranged Weapons
 + Level 9.4 Armour
 + Level 3.1 Dodging
 + Level 6.1 Shields
 * Level 0.2 Evocations


You had 10 spell levels left.
You didn't know any spells.
Your spell library contained the following spells:

 Spells                   Type           Power      Damage    Failure   Level
 Shock                    Conj/Air       0%         1d3       99%         1
 Call Canine Familiar     Summ           0%         N/A       100%        3
 Conjure Flame            Conj/Fire      0%         6-21      100%        3
 Ignite Poison            Fire/Tmut/Pois 0%         N/A       100%        3
 Ozocubu's Armour         Ice            0%         N/A       100%        3
 Portal Projectile        Hex/Tloc       0%         N/A       100%        3
 Summon Guardian Golem    Hex/Summ       0%         N/A       100%        3
 Swiftness                Air            0%         N/A       100%        3
 Airstrike                Air            0%         2d(0-16)  100%        4
 Leda's Liquefaction      Hex/Erth       0%         N/A       100%        4
 Petrify                  Tmut/Erth      0%         N/A       100%        4
 Sticky Flame             Conj/Fire      0%         2d3       100%        4
 Fireball                 Conj/Fire      0%         3d3       100%        5
 Metabolic Englaciation   Hex/Ice        0%         N/A       100%        5
 Starburst                Conj/Fire      0%         6d3       100%        6
 Statue Form              Tmut/Erth      0%         N/A       100%        6
 Orb of Destruction       Conj           0%         9d5       100%        7
 Ozocubu's Refrigeration  Ice            0%         4d7       100%        7
 Spellforged Servitor     Conj/Summ      0%         N/A       100%        7
 Ignition                 Fire           0%         3d3       100%        8
 Chain Lightning          Conj/Air       0%         N/A       100%        9
 Fire Storm               Conj/Fire      0%         5d1       100%        9
 Shatter                  Erth           0%         3d5*      100%        9


Dungeon Overview and Level Annotations

Branches:
Dungeon (10/15)            Temple (1/1) D:6            Lair (0/5) D:8
  Sewer (visited)         Ossuary (visited)
    Orc: D:9-12

Altars:
Ashenzari
Cheibriados
Dithmenos
Elyvilon
Fedhas
Gozag
Hepliaklqana
Kikubaaqudgha
Makhleb
Nemelex Xobeh
Okawaru
Qazlal
Ru
Sif Muna
Trog
Uskayaw
Vehumet
Wu Jian
Xom
Yredelemnul
Zin
The Shining One

Shops:
D:6 [

Annotations:
D:8 3 runed translucent doors, DoIIoM's ghost, novice OpSu; glosham's ghost, novice OgAr; laros's ghost, novice MiBe


Message History

As you read the scroll of blinking, it crumbles to dust.
You feel stronger.
You feel clever.
The +7 sling "Iqehaipt" {flame, Str+4 Int+3} bursts into flame!
i - the +7 sling "Iqehaipt" (weapon)
{flame, Str+4 Int+3} Fire: i) +7 sling "Iqehaipt" {flame, Str+4 Int+3}
Press: ? - help, Q - select action, (/) - cycle Shift-Dir - straight line, f - two-headed ogre
Aim: a two-headed ogre, wielding a +0 giant club and a +0 giant spiked club (translocational energy, severely wounded, 81% to hit)
You shoot a sling bullet.
The sling bullet hits the two-headed ogre.
The sling bullet burns the two-headed ogre.
The two-headed ogre is severely wounded.
Fire: i) +7 sling "Iqehaipt" {flame, Str+4 Int+3}
Press: ? - help, Q - select action, (/) - cycle Shift-Dir - straight line, f/p - two-headed ogre
Aim: a two-headed ogre, wielding a +0 giant club and a +0 giant spiked club (severely wounded, 81% to hit)
You shoot a sling bullet.
The sling bullet barely misses the two-headed ogre.
Fire: i) +7 sling "Iqehaipt" {flame, Str+4 Int+3}
Press: ? - help, Q - select action, (/) - cycle Shift-Dir - straight line, f/p - two-headed ogre
Aim: a two-headed ogre, wielding a +0 giant club and a +0 giant spiked club (severely wounded, 81% to hit)
You shoot a sling bullet.
The sling bullet hits the two-headed ogre!
The sling bullet burns the two-headed ogre.
The two-headed ogre is almost dead.
Fire: i) +7 sling "Iqehaipt" {flame, Str+4 Int+3}
Press: ? - help, Q - select action, (/) - cycle Shift-Dir - straight line, f/p - two-headed ogre
Aim: a two-headed ogre, wielding a +0 giant club and a +0 giant spiked club (almost dead, 81% to hit)
You shoot a sling bullet.
The sling bullet hits the two-headed ogre.
The sling bullet burns the two-headed ogre.
The two-headed ogre is almost dead.
The two-headed ogre attacks as you move away!
The two-headed ogre closely misses you.
The two-headed ogre hits you with a +0 giant spiked club!
* * * LOW HITPOINT WARNING * * *
As you read the scroll of teleportation, it crumbles to dust.
You feel strangely unstable.
The two-headed ogre attacks as you move away!
The two-headed ogre hits you with a +0 giant club!
You die...
Your body crumbles into a pile of gold.

#.# #.#.# #.#.# #<#.# ###
#.#.# ..# #.#.# #.# #.#.#
#######.#######.#O#
#.....#.........@.#
#.###.#.........#########
#.#.......#.............#
#.#.#.#.#.#.###########.#
#.#.#...#.#.# #.#
#.#..<#...#.# #.#
..#.....###.# #.#
#####.......##### #.#
................# #.#


You could see a two-headed ogre.

Vanquished Creatures
  2 two-headed ogres
  2 kobold demonologists (D:9)
  A komodo dragon (D:10)
  A troll (D:9)
  Sigmund (D:3)
  A wraith (D:10)
  A vampire (D:9)
  2 basilisks (D:8)
  9 yaks
  A wyvern (D:8)
  Duvessa (D:5)
  2 water moccasins (D:8)
  An acid dragon (D:8)
  2 orc warriors
  An ice beast (D:6)
  3 black bears
  4 sky beasts
  2 ogres (D:6)
  2 centaurs
  3 lemures
  A phantom (D:6)
  8 kobold brigands
  4 bullfrogs
  5 scorpions
  7 wights
  4 water moccasin zombies (Ossuary)
  Dowan (D:5)
  10 killer bees
  5 howler monkeys
  A jelly (D:6)
  4 orc priests
  A gnoll bouda (D:6)
  3 iguanas
  Natasha (thrice) (D:4)
  2 orc wizards
  2 mummies (Ossuary)
  6 adders
  3 gnolls (D:7)
  2 river rats (Sewer)
  2 shadow imps
  A white imp (D:7)
  An ufetubus (D:6)
  6 adder zombies (Ossuary)
  4 worms
  A dart slug (D:1)
  21 orcs
  11 endoplasms
  3 gnoll zombies (Ossuary)
  3 hobgoblins (D:4)
  7 jackals
  4 quokkas
  10 ball pythons
  4 bats
  3 frilled lizards
  4 goblins
  3 hobgoblin zombies (Ossuary)
  26 kobolds
  2 kobold zombies (Ossuary)
  7 orc zombies (Ossuary)
  9 rats
246 creatures vanquished.

Vanquished Creatures (collateral kills)
  Pikel (D:6)
  Maggie (D:6)
  A black bear (D:6)
  A lemure (D:6)
  3 wights (D:6)
7 creatures vanquished.

Vanquished Creatures (others)
  3 bushes (D:8)
  5 fungi (D:8)
  15 plants (D:8)
23 creatures vanquished.

Grand Total: 276 creatures vanquished

Notes
Turn   | Place    | Note
-------+----------+-------------------------------------------
     0 | D:1      | Anriel the Human Fighter began the quest for the Orb.
     0 | D:1      | Reached XP level 1. HP: 18/18 MP: 1/1
   318 | D:1      | Reached XP level 2. HP: 19/24 MP: 2/2
   836 | D:1      | Reached XP level 3. HP: 28/29 MP: 3/3
  1072 | D:2      | Found an opulent altar of Gozag.
  1085 | D:2      | Identified the +5 dagger "Igacof Ynik" {vorpal, Drain rPois
                  | Will+ Int+3}
  1307 | D:2      | Reached skill level 3 in Long Blades
  1307 | D:2      | Reached XP level 4. HP: 34/35 MP: 4/4
  1424 | D:2      | Became a worshipper of Gozag Ym Sagoz the Greedy
  1733 | D:3      | Found a faded altar of an unknown god.
  2000 | D:3      | Noticed Sigmund
  2019 | D:3      | Killed Sigmund
  2020 | D:3      | Reached skill level 4 in Long Blades
  2020 | D:3      | Reached skill level 1 in Dodging
  2020 | D:3      | Reached XP level 5. HP: 35/42 MP: 5/5
  2020 | D:3      | Reached XP level 6. HP: 40/48 MP: 6/6
  2535 | D:4      | Noticed Natasha
  2544 | D:4      | Killed Natasha
  2560 | D:4      | Noticed a black bear
  2597 | D:4      | Killed a black bear
  2598 | D:4      | Reached XP level 7. HP: 38/53 MP: 7/7
  2849 | D:4      | Reached skill level 5 in Long Blades
  3065 | D:4      | Noticed Natasha
  3073 | D:4      | Killed Natasha
  3080 | D:4      | Noticed Natasha
  3098 | D:4      | Killed Natasha
  3103 | D:5      | Entered Level 5 of the Dungeon
  3238 | D:5      | Found a sand-covered staircase.
  3245 | Ossuary  | Entered an ossuary
  3400 | Ossuary  | Reached XP level 8. HP: 48/61 MP: 8/8
  3544 | Ossuary  | Reached skill level 6 in Long Blades
  3544 | Ossuary  | Reached skill level 5 in Armour
  3720 | D:5      | Found a glowing drain.
  3724 | Sewer    | Entered a sewer
  4347 | Sewer    | Reached skill level 7 in Long Blades
  4355 | Sewer    | Reached skill level 5 in Fighting
  4596 | D:5      | Found a blossoming altar of Fedhas.
  4596 | D:5      | Found a hide-covered altar of Uskayaw.
  4689 | D:5      | Reached XP level 9. HP: 52/68 MP: 9/9
  4739 | D:5      | Reached skill level 1 in Ranged Weapons
  5163 | D:5      | Noticed Duvessa
  5163 | D:5      | Noticed Dowan
  5684 | D:6      | Found a staircase to the Ecumenical Temple.
  5846 | Temple   | Entered the Ecumenical Temple
  5846 | Temple   | Noticed a cacodemon
  5846 | Temple   | Noticed a sun demon
  5846 | Temple   | Noticed a Hell Sentinel
  5847 | Temple   | Noticed Wighosto the pandemonium lord
  5847 | Temple   | Noticed a Brimstone Fiend
  5848 | Temple   | Noticed Niuroeg the pandemonium lord
  5848 | Temple   | Noticed a hell beast
  5848 | Temple   | Noticed Xifyfy the pandemonium lord
  5853 | Temple   | Noticed a red devil
  5855 | Temple   | Noticed a soul eater
  6044 | Temple   | Noticed Oduceu the pandemonium lord
  6096 | Temple   | Noticed Loonebas the pandemonium lord
  6114 | Temple   | Noticed Daipoex the pandemonium lord
  6235 | D:6      | Identified the +7 sling "Iqehaipt" {flame, Str+4 Int+3}
  6694 | D:6      | Reached skill level 8 in Long Blades
  7055 | D:5      | Killed Duvessa
  7063 | D:5      | Killed Dowan
  7064 | D:5      | Reached skill level 5 in Shields
  7345 | D:7      | Noticed Maggie
  7643 | D:6      | Killed Maggie
  7644 | D:6      | Reached XP level 10. HP: 40/76 MP: 10/10
  8237 | D:7      | Noticed Pikel
  8322 | D:6      | Bought a +2 plate armour of fire resistance for 560 gold
                  | pieces
  8370 | D:6      | Killed Pikel
  8571 | D:7      | Reached skill level 5 in Ranged Weapons
  8604 | D:7      | Reached skill level 9 in Long Blades
  9006 | D:7      | Found a glowing golden altar of the Shining One.
  9007 | D:7      | Found a shadowy altar of Dithmenos.
  9008 | D:7      | Found an ancient bone altar of Kikubaaqudgha.
  9008 | D:7      | Found a shimmering blue altar of Sif Muna.
  9010 | D:7      | Found a broken altar of Ashenzari.
  9091 | D:8      | Found a runed translucent gate.
  9091 | D:8      | Found a runed translucent gate.
  9092 | D:8      | Found a runed translucent gate.
  9096 | D:8      | Noticed laros's ghost (novice MiBe)
  9096 | D:8      | Noticed DoIIoM's ghost (novice OpSu)
  9096 | D:8      | Noticed glosham's ghost (novice OgAr)
  9230 | D:8      | Identified the +5 spear of Iricyf {vorpal, *Noise Will+
                  | Int+5}
 10330 | D:8      | Reached XP level 11. HP: 72/83 MP: 11/11
 10421 | D:8      | Found a staircase to the Lair.
 11077 | D:9      | Noticed a two-headed ogre
 11088 | D:9      | Killed a two-headed ogre
 11473 | D:9      | Reached skill level 10 in Long Blades
 12634 | D:6      | Bought the +0 pair of gloves of the Stonemason {rElec rF++
                  | rCorr Stlth+} for 621 gold pieces
 12703 | D:10     | Entered Level 10 of the Dungeon
 12760 | D:10     | Noticed a two-headed ogre
 12772 | D:10     | Killed a two-headed ogre
 13551 | D:10     | Noticed a two-headed ogre
 13569 | D:10     | HP: 4/86 [two-headed ogre/+0 giant club (10)]
 13572 | D:10     | Mangled by a two-headed ogre

Illustrated notes

Levels and vault maps discovered:
D:1:      heliophobic_arrival_henge, layout_basic
D:2:      layout_rooms, basic_altar, minmay_fountain_box
D:3:      layout_rooms, serial_co_window_serial, co_window_of_opportunity_a,
          co_window_corner_a, co_window_cross_1, co_window_corner_a,
          co_window_paths_a, co_window_2corner, co_window_of_opportunity_b,
          co_window_paths_c, co_window_paths_c, co_window_of_opportunity_b,
          co_window_4corner_b, glass_columns_a, basic_ecumenical_altar,
          uniq_sigmund
D:4:      layout_rooms, uniq_natasha
D:5:      layout_loops_corners, gammafunk_temple_overflow_elements,
          gup_sewer_entry_bowl, enter_ossuary_3, st_stairs_1, uniq_duvessa
D:6:      layout_layer_cave, minmay_temple_entry_glass,
          nicolae_concentric_dashed_squares_mild, kennysheep_generic_room_2
D:7:      lemuel_ice_spiral_2, layout_rooms, minitemple, uniq_pikel, uniq_maggie
D:8:      layout_basic, minmay_lair_entry_grove, gammafunk_ghost_cemetery
D:9:      layout_loops_corners
D:10:     layout_basic
Temple:   nicolae_temple_panitentiary

Skill      XL: |  1  2  3  4  5  6  7  8  9 10 11 |
---------------+----------------------------------+-----
Long Blades    | 3 4 5 7 8 9 10 | 10.5
Armour         | 4 5 7 8 9 |  9.4
Dodging        | 1 2 3 |  3.1
Fighting       | 4 5 6 8 |  8.0
Shields        | 4 5 6 |  6.1
Ranged Weapons | 4 5 6 |  6.3
Evocations     | |  0.2

Action                   |  1- 3 |  4- 6 |  7- 9 | 10-12 || total
-------------------------+-------+-------+-------+-------++-------
Melee: Long sword        |   103 |   103 |   591 |   265 ||  1062
       Scimitar          |       |       |       |   270 ||   270
 Fire: Sling             |       |       |    30 |    93 ||   123
Invok: Call Merchant     |       |       |     1 |       ||     1
  Use: Scroll            |       |     4 |    18 |     9 ||    31
       Potion            |       |     2 |    17 |     2 ||    21
 Stab: Distracted        |       |       |     5 |     1 ||     6
Armor: Scale mail        |    53 |    51 |   146 |       ||   250
       Chain mail        |       |       |    99 |    27 ||   126
       Skin              |       |       |    25 |     4 ||    29
       Plate armour      |       |       |       |   274 ||   274
Dodge: Dodged            |    41 |    50 |   235 |   144 ||   470
Block: Buckler           |    15 |    27 |   145 |    99 ||   286
